 Dungeon Crawl Stone Soup version 0.31-a0-115-g4708a659fe (webtiles) character file.

Game seed: 8288540715356982601

9697 hikkokomori the Trooper (level 11, -9/91 HPs)
             Began as a Demigod Earth Elementalist on May 30, 2023.
             Mangled by a three-headed hydra simulacrum (17 damage)
             ... in an ice cave.
             The game lasted 00:36:34 (9714 turns).

hikkokomori the Trooper (DgEE)                      Turns: 9714, Time: 00:36:35

Health: -9/91      AC: 13    Str:  9    XL:     11   Next: 6%
Magic:  0/24       EV: 13    Int: 34    God:
Gold:   592        SH:  0    Dex: 21    Spells: 2/22 levels left

rFire   . . .        t - +5 great sword (vamp)
rCold   + . .        (shield currently unavailable)
rNeg    . . .        H - +0 leather armour {rC+}
rPois   .            A - +2 helmet of Zin's Approval {Rampage Int+3}
rElec   .            y - scarf {+Inv}
rCorr   .            c - +0 pair of fencer's gloves {Riposte Dex+3}
SInv    .            d - +0 pair of boots
Will    +....        (no amulet)
Stlth   +++          z - +6 ring of intelligence
HPRegen 0.35/turn    P - +4 ring of protection
MPRegen 0.19/turn

%: rampage
@: very slightly contaminated, slowed, very slow
A: high MP 1, forlorn, divine attributes
a: Evoke Invisibility


You were in an ice cave.
You visited 2 branches of the dungeon, and saw 11 of its levels.
You also visited: Sewer and Ice Cave.

You collected 592 gold pieces.

Inventory:

Hand Weapons
 e - a +0 shortbow
 o - a +2 short sword of speed
 t - a +5 vampiric great sword (weapon)
 v - a +1 dagger of protection
 N - a +0 orcbow
Missiles
 g - a throwing net
 q - a curare-tipped dart
Armour
 c - the +0 pair of fencer's gloves (worn) {Riposte Dex+3}
   (You acquired it on level 6 of the Dungeon)

   Riposte:   It allows the wearer to riposte with melee weapons, swiftly
   retaliating against missed or blocked melee attacks.
   Dex:       It affects your dexterity (+3).
 d - a +0 pair of boots (worn)
 u - the +2 ring mail of Polish {rC- Str+4 Dex+3}
   (You found it on level 3 of the Dungeon)

   Str:       It affects your strength (+4).
   Dex:       It affects your dexterity (+3).
   rC:        It makes you vulnerable to cold.
 y - a scarf of invisibility (worn)
 A - the +2 helmet of Zin's Approval (worn) {Rampage Int+3}
   (You found it on level 1 of the Lair of Beasts)

   Int:       It affects your intelligence (+3).
   Rampage:   It bestows one free step when moving towards enemies.
 E - a +0 helmet
 H - a +0 leather armour of cold resistance (worn)
 I - an orb of light
 J - the +0 robe of the Bells {Dex+9}
   (You found it on level 8 of the Dungeon)

   Dex:       It affects your dexterity (+9).
 L - a scarf of shadows
 R - a +0 pair of gloves
Magical Staves
 Q - a staff of air
Jewellery
 z - a +6 ring of intelligence (left hand)
 P - a +4 ring of protection (right hand)
Wands
 x - a wand of charming (17)
 G - a wand of digging (5)
 M - a wand of roots (3)
Scrolls
 f - 5 scrolls of fog
 m - 2 scrolls of vulnerability
 B - a scroll of enchant weapon
 C - 2 scrolls of teleportation
 D - a scroll of fear
 F - a scroll of blinking
 K - a scroll of enchant armour {unknown}
Potions
 a - a potion of brilliance {unknown}
 b - a potion of magic
 h - 2 potions of might
 i - a potion of curing
 j - 2 potions of heal wounds
 k - a potion of invisibility {unknown}
 l - a potion of haste
 n - a potion of cancellation {unknown}
 r - 2 potions of attraction
 w - 7 potions of enlightenment
 O - a potion of mutation {unknown}


   Skills:
 + Level 6.9 Fighting
 + Level 3.0 Long Blades
 - Level 3.8 Armour
 - Level 3.8 Dodging
 + Level 5.3 Stealth
 + Level 6.2 Spellcasting
 - Level 5.7 Conjurations
 + Level 3.6 Necromancy
 - Level 0.8 Transmutations
 + Level 5.0 Ice Magic
 - Level 6.3 Earth Magic


You had 2 spell levels left.
You knew the following spells:

 Your Spells              Type           Power      Damage    Failure   Level
a - Sandblast             Erth           100%       2d20      1%          1
b - Stone Arrow           Conj/Erth      100%       3d13      1%          3
c - Simulacrum            Ice/Necr       20%        N/A       80%         6
d - Hailstorm             Conj/Ice       47%        3d11      1%          3
e - Ozocubu's Armour      Ice            45%        N/A       1%          3
f - Ice Form              Ice/Tmut       30%        N/A       16%         4

Your spell library contained the following spells:

 Spells                   Type           Power      Damage    Failure   Level
 Passwall                 Tmut/Erth      29%        N/A       1%          2
 Sting                    Tmut/Pois      52%        1d5       4%          1
 Poisonous Vapours        Pois/Air       20%        N/A       9%          2
 Petrify                  Tmut/Erth      35%        N/A       12%         4
 Tukima's Dance           Hex            10%        N/A       16%         3
 Olgreb's Toxic Radiance  Pois           10%        N/A       47%         4
 Passage of Golubria      Tloc           10%        N/A       47%         4
 Yara's Violent Unravell  Hex/Tmut       6%         3d5       77%         5
 Ozocubu's Refrigeration  Ice            22%        4d12      99%         7


Dungeon Overview and Level Annotations

Branches:
Dungeon (10/15)            Temple (0/1) D:6            Lair (1/5) D:8
  Sewer (visited)           IceCv (1/1)
    Orc: D:9-12

Shops:
D:10 ?


Innate Abilities, Weirdness & Mutations

You have an increased reservoir of magic. (+10% MP)
You shall have no god before yourself.
Your divine heritage dramatically boosts your attributes as you level up.


Message History

The floor.
Unknown command.
Aiming: Charm
Press: ? - help, Shift-Dir - straight line, f - three-headed hydra simulacrum, p - freezing wraith
Aim: a three-headed hydra simulacrum (almost destroyed, chance to affect: 50%)
The freezing wraith easily resists.
The freezing wraith hits you but does no damage. x2
The freezing wraith hits you. The freezing wraith freezes you! You resist.
The freezing wraith closely misses you.
Unknown command.
The freezing wraith attacks as you move away!
The freezing wraith hits you. The freezing wraith freezes you. You resist.
* * * LOW HITPOINT WARNING * * *
The freezing wraith barely misses you.
You feel much better. The freezing wraith hits you.
The freezing wraith freezes you! You resist. The freezing wraith hits you!
The freezing wraith hits you but does no damage. x2
Unknown command.
Casting: Stone Arrow (safe; 1% risk of failure)
Confirm with . or Enter, or press ? or * to list all spells.
Aiming: Stone Arrow (safe; 1% risk of failure)
Press: ? - help, Shift-Dir - straight line, f/p - three-headed hydra simulacrum
Aim: a three-headed hydra simulacrum (almost destroyed, 100% to hit)
You miscast Stone Arrow.
You are very lightly contaminated with residual magic.
Nothing appears to happen.
The freezing wraith hits you. The freezing wraith freezes you! You resist.
* * * LOW HITPOINT WARNING * * *
The freezing wraith hits you but does no damage.
The three-headed hydra simulacrum bites you.
* * * LOW HITPOINT WARNING * * *
The three-headed hydra simulacrum freezes you!
You resist.
* * * LOW HITPOINT WARNING * * *
The three-headed hydra simulacrum closely misses you.
The three-headed hydra simulacrum bites you.
* * * LOW HITPOINT WARNING * * *
The three-headed hydra simulacrum freezes you!
You resist.
You die...

##.....##
##...##
##.##
##...##
##.....##
#.......#
#.......#
#.......#
#.@Z....#
#.[W....#
####.####
#.......#
#.......#
#.......#
#.......#
#.......#
##.....##


You could see a freezing wraith and a three-headed hydra simulacrum.

Vanquished Creatures
  An ugly thing (IceCv)
  2 cane toads (Lair:1)
  2 rime drakes (Lair:1)
  3 ice statues (IceCv)
  2 kobold demonologists (D:9)
  A komodo dragon (Lair:1)
  2 anaconda simulacra (IceCv)
  2 trolls
  A hornet (D:9)
  3 blink frogs (Lair:1)
  A wyvern (D:9)
  A shadow (D:8)
  Grum (D:8)
  A death yak simulacrum (IceCv)
  A water moccasin (D:8)
  An acid dragon (D:6)
  Pargi (Sewer)
  2 ice beasts (D:6)
  3 sky beasts
  4 black bears
  7 wolves
  2 centaurs
  4 kobold brigands (D:9)
  5 bullfrogs
  3 scorpions (D:5)
  9 wights
  Dowan (D:5)
  An elephant simulacrum (IceCv)
  2 howler monkeys
  An electric eel (D:10)
  A jelly (D:5)
  2 hounds
  An orc priest (D:3)
  A gnoll bouda (D:7)
  Ijyb (D:3)
  Terence (D:3)
  6 iguanas
  4 orc wizards
  A polar bear simulacrum (IceCv)
  2 wolf simulacra (IceCv)
  11 gnolls
  11 adders
  2 white imps
  2 ufetubi (D:4)
  A worm (D:2)
  2 dart slugs
  17 orcs
  5 ball pythons
  10 endoplasms
  5 giant cockroaches
  10 goblins
  3 hobgoblins
  5 quokkas
  16 bats
  7 frilled lizards
  19 kobolds
  A rat (D:6)
217 creatures vanquished.

Vanquished Creatures (collateral kills)
  Duvessa (D:5)
1 creature vanquished.

Grand Total: 218 creatures vanquished

Notes
Turn   | Place    | Note
-------+----------+-------------------------------------------
     0 | D:1      | hikkokomori the Demigod Earth Elementalist began the quest
                  | for the Orb.
     0 | D:1      | Reached XP level 1. HP: 14/14 MP: 5/5
   464 | D:1      | Reached XP level 2. HP: 22/22 MP: 5/7
   759 | D:1      | Reached skill level 1 in Fighting
  1283 | D:2      | Reached XP level 3. HP: 28/28 MP: 6/8
  1784 | D:2      | Reached XP level 4. HP: 35/35 MP: 5/10
  1836 | D:2      | Learned a level 3 spell: Stone Arrow
  1989 | D:3      | Noticed Ijyb
  2004 | D:3      | Killed Ijyb
  2209 | D:3      | Identified the +2 ring mail of Polish {rC- Str+4 Dex+3}
  2362 | D:3      | Noticed Terence
  2379 | D:3      | Reached XP level 5. HP: 29/41 MP: 6/11
  2392 | D:3      | Killed Terence
  2393 | D:3      | Reached skill level 1 in Conjurations
  2589 | D:3      | Reached skill level 1 in Armour
  3229 | D:4      | Reached XP level 6. HP: 50/50 MP: 11/13
  3367 | D:4      | You fall into a shaft and drop 2 floors!
  3388 | D:6      | Identified a scroll of acquirement
  3388 | D:6      | Acquired the +0 pair of fencer's gloves {Riposte Dex+3}
  3388 | D:6      | Found the +0 pair of fencer's gloves {Riposte Dex+3}
  3686 | D:6      | Found a staircase to the Ecumenical Temple.
  3798 | D:6      | Reached XP level 7. HP: 57/57 MP: 13/15
  3856 | D:6      | Found a glowing drain.
  3860 | Sewer    | Entered a sewer
  3943 | Sewer    | Noticed Pargi
  3949 | Sewer    | Killed Pargi
  4440 | D:5      | Entered Level 5 of the Dungeon
  4504 | D:5      | Reached XP level 8. HP: 66/66 MP: 11/17
  4511 | D:5      | Reached skill level 5 in Earth Magic
  4625 | D:5      | Noticed Dowan
  4626 | D:5      | Noticed Duvessa
  4633 | D:5      | Killed Duvessa
  4635 | D:5      | Your ally Dowan died
  5274 | D:5      | Learned a level 6 spell: Simulacrum
  5289 | D:5      | Learned a level 3 spell: Hailstorm
  5768 | D:7      | Reached skill level 1 in Ice Magic
  5992 | D:7      | Reached XP level 9. HP: 73/73 MP: 16/20
  6480 | D:8      | Identified the +0 robe of the Bells {Dex+9}
  6565 | D:8      | Found a staircase to the Lair.
  6578 | D:8      | Reached skill level 5 in Fighting
  6578 | D:8      | Reached skill level 5 in Spellcasting
  6832 | D:8      | Noticed Grum
  6838 | D:8      | Reached skill level 5 in Conjurations
  6839 | D:8      | Killed Grum
  7472 | D:9      | Noticed a kobold demonologist
  7475 | D:9      | Noticed a kobold demonologist
  7481 | D:9      | Noticed a sixfirhy
  7495 | D:9      | Noticed a soul eater
  7499 | D:9      | Killed a kobold demonologist
  7500 | D:9      | Reached skill level 1 in Necromancy
  7508 | D:9      | Noticed a rust devil
  7509 | D:9      | Killed a kobold demonologist
  7674 | D:9      | Reached XP level 10. HP: 44/83 MP: 13/22
  8384 | D:10     | Entered Level 10 of the Dungeon
  8389 | D:10     | Learned a level 3 spell: Ozocubu's Armour
  8394 | D:10     | Found Qypsuqya's Magic Scroll Shop.
  8558 | Lair:1   | Entered Level 1 of the Lair of Beasts
  8634 | Lair:1   | Reached skill level 1 in Long Blades
  8868 | Lair:1   | Found a frozen archway.
  8886 | Lair:1   | Identified the +2 helmet of Zin's Approval {Rampage Int+3}
  8956 | IceCv    | Entered an ice cave
  9080 | IceCv    | Reached skill level 5 in Stealth
  9152 | IceCv    | Noticed a white ugly thing
  9161 | IceCv    | Killed a white ugly thing
  9180 | IceCv    | Learned a level 4 spell: Ice Form
  9281 | IceCv    | Noticed an ice statue
  9281 | IceCv    | Noticed an ice statue
  9286 | IceCv    | Killed an ice statue
  9610 | IceCv    | Killed an ice statue
  9611 | IceCv    | Reached skill level 5 in Ice Magic
  9611 | IceCv    | Reached XP level 11. HP: 91/91 MP: 8/24
  9714 | IceCv    | Mangled by a three-headed hydra simulacrum

Illustrated notes

Levels and vault maps discovered:
D:1:      lightli_arrival_boilingwater, layout_basic
D:2:      layout_basic
D:3:      layout_rooms, minitemple, uniq_ijyb, uniq_terence
D:4:      layout_basic, uniq_pikel, uniq_sigmund, uniq_edmund
D:5:      lemuel_ice_spiral_2, layout_basic, nicolae_overflow_crystal_walls,
          uniq_duvessa
D:6:      layout_loops_ring, minmay_temple_entry_overgrown,
          gup_sewer_entry_spiral
D:7:      layout_basic, nemelex_diamond_rough_becter
D:8:      layout_gridville, mainiacjoe_overflow_concentric_impassable,
          mainiacjoe_overflow_alcove_2, lair_entry_dummy, eino_tiny_chamber,
          dreamdust_wishing_well, uniq_grum
D:9:      layout_roguey, corexii_leaking_fountain
D:10:     layout_basic, erik_orc_4, serial_shops, shop, serial_bayou_pond_c
Lair:1:   layout_hall_layers, portal_ice_cave_rime, grunt_megastairs_4,
          uniq_erica
IceCv:    ice_cave_statue_garden_chambered

Skill      XL: |  1  2  3  4  5  6  7  8  9 10 11 |
---------------+----------------------------------+-----
Stealth        | 2 3 5 |  5.3
Spellcasting   | 2 3 4 5 6 |  6.2
Earth Magic    | 3 4 5 6 |  6.3
Fighting       | 1 2 3 4 5 6 |  6.9
Conjurations   | 1 2 3 4 5 |  5.7
Armour         | 1 2 3 |  3.8
Ice Magic      | 1 3 5 |  5.0
Dodging        | 3 |  3.8
Necromancy     | 1 3 |  3.6
Long Blades    | 2 3 |  3.0
Transmutations | |  0.8

Action                     |  1- 3 |  4- 6 |  7- 9 | 10-12 || total
---------------------------+-------+-------+-------+-------++-------
  Melee: Unarmed           |     7 |     4 |       |    23 ||    34
         Dagger            |       |    29 |    43 |       ||    72
         Great sword       |       |       |       |    12 ||    12
   Cast: Sandblast         |    57 |    94 |   173 |    61 ||   385
         Stone Arrow       |       |     2 |     9 |    37 ||    48
         Ice Form          |       |       |       |     3 ||     3
         Ozocubu's Armour  |       |       |       |     1 ||     1
  Evoke: Wand              |       |     8 |     3 |     4 ||    15
    Use: Scroll            |       |    12 |     4 |     5 ||    21
         Potion            |       |       |     2 |     2 ||     4
   Stab: Sleeping          |       |     1 |       |       ||     1
 Armour: Robe              |     5 |     4 |       |       ||     9
         Ring mail         |       |    78 |    65 |     5 ||   148
         Skin              |       |       |       |    18 ||    18
         Leather armour    |       |       |       |    12 ||    12
  Dodge: Dodged            |    13 |    75 |    71 |    60 ||   219
Riposte: Dagger            |       |       |    23 |     1 ||    24
         Great sword       |       |       |       |     8 ||     8

Table legend: (Time is in decaauts)
 A = Elapsed time spent in this place.
 B = Non-inter-level travel time spent in this place.
 C = Inter-level travel time spent in this place.
 D = Time resting spent in this place.
 E = Time spent auto-exploring this place.
 F = Levels seen in this place.
 G = Mean time per level.
                   A        B        C        D        E       F      G
               +--------+--------+--------+--------+--------+-----+--------+
         Total |   9996 |   9653 |    343 |   1000 |   6717 |  13 |  768.9 |
       Dungeon |   8529 |   8186 |    343 |    271 |   6453 |  10 |  852.9 |
          Lair |    413 |    413 |      0 |    166 |     29 |   1 |  413.0 |
         Sewer |    275 |    275 |      0 |      0 |    217 |   1 |  275.0 |
      Ice Cave |    777 |    777 |      0 |    563 |     18 |   1 |  777.0 |
               +--------+--------+--------+--------+--------+-----+--------+

Top non-repeatable levels by time:
     D:6: 1324 daAuts
     D:1: 1214 daAuts
     D:9: 1140 daAuts
     D:3: 1005 daAuts
     D:8: 917 daAuts
     D:5: 887 daAuts
   IceCv: 777 daAuts
     D:2: 745 daAuts
     D:7: 730 daAuts
     D:4: 476 daAuts
  Lair:1: 413 daAuts
   Sewer: 275 daAuts
    D:10: 88 daAuts
